TOP OF THE 1ST |
Delmarva Gallos batting - Pitching for Laredo Hawks : LHP George Butler
|
Pitching: LHP George Butler
|
|
Batting: SHB Eduardo Fernández
|
0-0: Ball 1-0: Ball 2-0: Foul Ball, location: 2F 2-1: Foul Ball, location: 2F 2-2: Foul Ball, location: 2F 2-2: Ball 3-2: Strikes out swinging
|
Batting: RHB José Altagracia
|
0-0: Foul Ball, location: 2F 0-1: Ball 1-1: Fly out, F9 (Flyball, 9S, EV 84.4 MPH)
|
Batting: RHB Israel Guzmán
|
0-0: Ball 1-0: Called Strike 1-1: SINGLE (Flyball, 34D, EV 87.5 MPH)
|
Batting: RHB Javier Bruno
|
0-0: Foul Ball, location: 2F 0-1: Foul Ball, location: 2F 0-2: Ball 1-2: Foul Ball, location: 2F 1-2: Foul Ball, location: 2F 1-2: Ball 2-2: Ball 3-2: Base on Balls Israel Guzmán to second
|
Batting: RHB Manuel Cuevas
|
0-0: Called Strike 0-1: Ball 1-1: Ball 2-1: Ground out 4-3 (Groundball, 4, EV 81.9 MPH)
|
Top of the 1st over - 0 runs, 1 hit, 0 errors, 2 left on base; Delmarva 0 - Laredo 0 |
BOTTOM OF THE 1ST |
Laredo Hawks batting - Pitching for Delmarva Gallos : RHP Paul Shannon
|
Pitching: RHP Paul Shannon
|
|
Batting: RHB Emílio Soto
|
0-0: Called Strike 0-1: Ball 1-1: Called Strike 1-2: Ball 2-2: Foul Ball, location: 2F 2-2: Foul Ball, location: 2F 2-2: SINGLE (Groundball, 25, EV 60.6 MPH) (infield hit)
|
Batting: RHB Gregory Jones
|
0-0: Ball 1-0: Foul Ball, location: 2F 1-1: Foul Ball, location: 2F 1-2: Strikes out swinging
|
Batting: LHB George McLean
|
0-0: Ball 1-0: Called Strike 1-1: Ball 2-1: Ball 3-1: Base on Balls Emílio Soto to second
|
Batting: LHB Ricardo Hernández
|
0-0: Ball 1-0: Foul Ball, location: 2F 1-1: Foul Ball, location: 2F 1-2: Ball 2-2: Foul Ball, location: 2F 2-2: Foul Ball, location: 2F 2-2: Grounds into double play, 5-4-3 (Groundball, 56, EV 83.8 MPH)
|
Bottom of the 1st over - 0 runs, 1 hit, 0 errors, 1 left on base; Delmarva 0 - Laredo 0 |
TOP OF THE 2ND |
Delmarva Gallos batting - Pitching for Laredo Hawks : LHP George Butler
|
Batting: RHB Manuel Pérez
|
0-0: Called Strike 0-1: Called Strike 0-2: Ball 1-2: Ball 2-2: Strikes out swinging
|
Batting: RHB Francis Kersey
|
0-0: Called Strike 0-1: Ball 1-1: Ground out 5-3 (Groundball, 56S, EV 81.2 MPH)
|
Batting: LHB Seung-yeop Yom
|
0-0: Called Strike 0-1: Ball 1-1: Called Strike 1-2: Ball 2-2: Ball 3-2: Foul Ball, location: 2F 3-2: Foul Ball, location: 2F 3-2: Foul Ball, location: 2F 3-2: Strikes out looking
|
Top of the 2nd over - 0 runs, 0 hits, 0 errors, 0 left on base; Delmarva 0 - Laredo 0 |
BOTTOM OF THE 2ND |
Laredo Hawks batting - Pitching for Delmarva Gallos : RHP Paul Shannon
|
Batting: SHB Ronald Dacanay
|
0-0: Foul Ball, location: 2F 0-1: Ball 1-1: Called Strike 1-2: Ball 2-2: Ball 3-2: Ground out U3 (Groundball, 3L, EV 78.1 MPH)
|
Batting: RHB Alonso Gómez
|
0-0: Ball 1-0: Called Strike 1-1: Called Strike 1-2: Ball 2-2: Foul Ball, location: 2F 2-2: Ball 3-2: SINGLE (Groundball, 6MD, EV 103.8 MPH)
|
Batting: RHB Luc Leroux
|
0-0: Foul Ball, location: 2F 0-1: Ball Alonso Gómez is caught stealing 2nd base 2-4 1-1: Ball 2-1: Foul Ball, location: 2F 2-2: Foul Ball, location: 2F 2-2: Ground out 3-1 (Groundball, 34, EV 100.6 MPH)
|
Bottom of the 2nd over - 0 runs, 1 hit, 0 errors, 0 left on base; Delmarva 0 - Laredo 0 |
TOP OF THE 3RD |
Delmarva Gallos batting - Pitching for Laredo Hawks : LHP George Butler
|
Batting: RHB Joe Hurley
|
0-0: Ball 1-0: Ground out U3 (Groundball, 34, EV 98.1 MPH)
|
Batting: SHB Eduardo Fernández
|
0-0: Fly out, F4 (Line Drive, 4, EV 66.2 MPH)
|
Batting: RHB José Altagracia
|
0-0: Ball 1-0: SINGLE (Groundball, 56S, EV 70.0 MPH) (infield hit)
|
Batting: RHB Israel Guzmán
|
0-0: Ball 1-0: Ground out 6-3 (Groundball, P, EV 78.1 MPH)
|
Top of the 3rd over - 0 runs, 1 hit, 0 errors, 1 left on base; Delmarva 0 - Laredo 0 |
BOTTOM OF THE 3RD |
Laredo Hawks batting - Pitching for Delmarva Gallos : RHP Paul Shannon
|
Batting: RHB Casey Vincent
|
0-0: Ball 1-0: Ball 2-0: Ball 3-0: Called Strike 3-1: Base on Balls
|
Batting: RHB Winston Clark
|
0-0: Called Strike 0-1: Ground out 5-3 (Groundball, 56S, EV 66.2 MPH) Casey Vincent to second
|
Batting: RHB Emílio Soto
|
0-0: Ball 1-0: Ball 2-0: Called Strike 2-1: Ground out 3-1 (Groundball, 34S, EV 86.9 MPH) Casey Vincent to third
|
Batting: RHB Gregory Jones
|
0-0: Ball 1-0: Ball 2-0: Fly out, F9 (Flyball, 89S, EV 91.2 MPH)
|
Bottom of the 3rd over - 0 runs, 0 hits, 0 errors, 1 left on base; Delmarva 0 - Laredo 0 |
TOP OF THE 4TH |
Delmarva Gallos batting - Pitching for Laredo Hawks : LHP George Butler
|
Batting: RHB Javier Bruno
|
0-0: Ball 1-0: Ball 2-0: Called Strike 2-1: Fly out, F9 (Flyball, 89S, EV 85.6 MPH)
|
Batting: RHB Manuel Cuevas
|
0-0: Called Strike 0-1: Ball 1-1: Ground out 5-3 (Groundball, 56S, EV 70.6 MPH)
|
Batting: RHB Manuel Pérez
|
0-0: Ball 1-0: Ball 2-0: Called Strike 2-1: Foul Ball, location: 2F 2-2: Ball 3-2: Base on Balls
|
Batting: RHB Francis Kersey
|
0-0: Hit by Pitch Manuel Pérez to second
|
Batting: LHB Seung-yeop Yom
|
0-0: Called Strike 0-1: Foul Ball, location: 2F 0-2: Fly out, F9 (Flyball, 89M, EV 75.0 MPH)
|
Top of the 4th over - 0 runs, 0 hits, 0 errors, 2 left on base; Delmarva 0 - Laredo 0 |
BOTTOM OF THE 4TH |
Laredo Hawks batting - Pitching for Delmarva Gallos : RHP Paul Shannon
|
Batting: LHB George McLean
|
0-0: Ball 1-0: Ball 2-0: Foul Ball, location: 2F 2-1: Ball 3-1: Foul Ball, location: 2F 3-2: SINGLE (Line Drive, 8LS, EV 110.0 MPH)
|
Batting: LHB Ricardo Hernández
|
0-0: Foul Ball, location: 2F 0-1: Ball 1-1: Foul Ball, location: 2F 1-2: Fly out, F9 (Flyball, 9, EV 73.8 MPH)
|
Batting: SHB Ronald Dacanay
|
0-0: Ball 1-0: Foul Ball, location: 2F 1-1: Ball 2-1: Called Strike 2-2: Foul Ball, location: 2F 2-2: Ball 3-2: Strikes out looking
|
Batting: RHB Alonso Gómez
|
0-0: Called Strike 0-1: Ball 1-1: Called Strike 1-2: Fly out, F9 (Flyball, 9S, EV 91.2 MPH)
|
Bottom of the 4th over - 0 runs, 1 hit, 0 errors, 1 left on base; Delmarva 0 - Laredo 0 |
TOP OF THE 5TH |
Delmarva Gallos batting - Pitching for Laredo Hawks : LHP George Butler
|
Batting: RHB Joe Hurley
|
0-0: Foul Ball, location: 2F 0-1: Called Strike 0-2: Ball 1-2: Ball 2-2: Strikes out swinging
|
Batting: SHB Eduardo Fernández
|
0-0: Ball 1-0: Foul Ball, location: 2F 1-1: DOUBLE (Flyball, 89D, EV 111.9 MPH)
|
Batting: RHB José Altagracia
|
0-0: Called Strike 0-1: Ball 1-1: Ball 2-1: Ball 3-1: Fly out, F4 (Popup, 34S, EV 76.2 MPH)
|
Batting: RHB Israel Guzmán
|
0-0: Ball 1-0: Ball 2-0: SINGLE (Groundball, 34D, EV 95.0 MPH) Eduardo Fernández to third Runner from 3rd tries for Home, SAFE, throw by RF to home
|
Batting: RHB Javier Bruno
|
0-0: Ball 1-0: Called Strike 1-1: Ball 2-1: DOUBLE (Flyball, 8RXD, EV 105.6 MPH) Israel Guzmán to third Runner from 3rd tries for Home, SAFE, throw by CF to home
|
Pitching: RHP Arlen Mata
|
|
Batting: RHB Manuel Cuevas
|
0-0: Ball 1-0: Called Strike 1-1: Fly out, F9 (Flyball, 89D, EV 90.6 MPH)
|
Top of the 5th over - 2 runs, 3 hits, 0 errors, 1 left on base; Delmarva 2 - Laredo 0 |
BOTTOM OF THE 5TH |
Laredo Hawks batting - Pitching for Delmarva Gallos : RHP Paul Shannon
|
Batting: RHB Luc Leroux
|
0-0: Ball 1-0: Foul Ball, location: 2F 1-1: Ball 2-1: Ball 3-1: Base on Balls
|
Pitching: RHP Sidd Finch
|
|
Batting: RHB Casey Vincent
|
0-0: Ball 1-0: Bunted foul 1-1: Sac Bunt to 23 - play at first, batter OUT! 3-4 Luc Leroux to second
|
Batting: RHB Winston Clark
|
0-0: Fly out, F8 (Flyball, 78D, EV 96.9 MPH)
|
Batting: RHB Emílio Soto
|
0-0: Called Strike 0-1: Foul Ball, location: 2F 0-2: Strikes out swinging
|
Bottom of the 5th over - 0 runs, 0 hits, 0 errors, 1 left on base; Delmarva 2 - Laredo 0 |
TOP OF THE 6TH |
Delmarva Gallos batting - Pitching for Laredo Hawks : RHP Arlen Mata
|
Batting: RHB Manuel Pérez
|
0-0: Ball 1-0: Ball 2-0: Called Strike 2-1: Ball 3-1: TRIPLE (Flyball, 78XD, EV 101.2 MPH)
|
Batting: RHB Francis Kersey
|
0-0: Ball Passed Ball! Manuel Pérez scores 1-0: Called Strike 1-1: Ground out 4-3 (Groundball, 4, EV 88.8 MPH)
|
Batting: LHB Seung-yeop Yom
|
0-0: Ball 1-0: SINGLE (Line Drive, 89S, EV 88.8 MPH)
|
Batting: RHB Joe Hurley
|
0-0: Ball 1-0: Swinging Strike 1-1: 2-RUN HOME RUN (Flyball, 78XD, EV 104.4 MPH), Distance : 406 ft
|
Pitching: RHP Hidetada Inagaki
|
|
Batting: SHB Eduardo Fernández
|
0-0: Ball 1-0: Foul Ball, location: 2F 1-1: Called Strike 1-2: Ball 2-2: Strikes out swinging
|
Batting: RHB José Altagracia
|
0-0: Ball 1-0: Foul Ball, location: 2F 1-1: Called Strike 1-2: Ball 2-2: Ground out 5-3 (Groundball, 5S, EV 74.4 MPH)
|
Top of the 6th over - 3 runs, 3 hits, 0 errors, 0 left on base; Delmarva 5 - Laredo 0 |
BOTTOM OF THE 6TH |
Laredo Hawks batting - Pitching for Delmarva Gallos : RHP Sidd Finch
|
Batting: RHB Gregory Jones
|
0-0: Ground out 6-3 (Groundball, 6, EV 86.9 MPH)
|
Batting: LHB George McLean
|
0-0: Foul Ball, location: 2F 0-1: Ball 1-1: Ball 2-1: Ball 3-1: Base on Balls
|
Batting: LHB Ricardo Hernández
|
0-0: SINGLE (Groundball, 6MD, EV 105.6 MPH) George McLean to second Runner from 2nd tries for 3rd, SAFE, throw by CF made to third
|
Batting: SHB Ronald Dacanay
|
0-0: Called Strike 0-1: Called Strike 0-2: Ball 1-2: Foul Ball, location: 2F 1-2: Foul Ball, location: 2F 1-2: Ball 2-2: Strikes out swinging
|
Batting: RHB Alonso Gómez
|
0-0: Ball 1-0: Called Strike 1-1: Fly out, F7 (Flyball, 7S, EV 90.0 MPH)
|
Bottom of the 6th over - 0 runs, 1 hit, 0 errors, 2 left on base; Delmarva 5 - Laredo 0 |
TOP OF THE 7TH |
Delmarva Gallos batting - Pitching for Laredo Hawks : RHP Hidetada Inagaki
|
Batting: RHB Israel Guzmán
|
0-0: Ball 1-0: Called Strike 1-1: SINGLE (Line Drive, 4MD, EV 95.6 MPH)
|
Batting: RHB Javier Bruno
|
0-0: Ball 1-0: Called Strike 1-1: Called Strike 1-2: Ball 2-2: Foul Ball, location: 2F 2-2: Fly out, F8 (Line Drive, 8RD, EV 98.8 MPH)
|
Batting: RHB Manuel Cuevas
|
0-0: Ball 1-0: Fly out, F8 (Line Drive, 8RM, EV 101.2 MPH)
|
Batting: RHB Manuel Pérez
|
0-0: Called Strike 0-1: Called Strike 0-2: SINGLE (Groundball, 4M, EV 103.1 MPH) (infield hit) Israel Guzmán to second
|
Batting: RHB Francis Kersey
|
0-0: Swinging Strike 0-1: Ball 1-1: Fly out, F8 (Line Drive, 8RD, EV 98.1 MPH)
|
Top of the 7th over - 0 runs, 2 hits, 0 errors, 2 left on base; Delmarva 5 - Laredo 0 |
BOTTOM OF THE 7TH |
Laredo Hawks batting - Pitching for Delmarva Gallos : RHP Sidd Finch
|
Batting: RHB Luc Leroux
|
0-0: Ball 1-0: Foul Ball, location: 2F 1-1: Foul Ball, location: 2F 1-2: Ball 2-2: Ball 3-2: Ground out 4-3 (Groundball, 4, EV 105.0 MPH)
|
Batting: RHB Casey Vincent
|
0-0: Swinging Strike 0-1: Ground out 4-3 (Groundball, 4, EV 100.6 MPH)
|
Batting: RHB Winston Clark
|
0-0: Swinging Strike 0-1: SINGLE (Groundball, 6MD, EV 105.0 MPH)
|
Batting: RHB Emílio Soto
|
0-0: Ball 1-0: TRIPLE (Line Drive, 89XD, EV 111.9 MPH) Winston Clark scores
|
Pitching: RHP Jong-hoo Pae
|
|
Batting: RHB Gregory Jones
|
0-0: Foul Ball, location: 2F 0-1: Ball 1-1: SINGLE (Groundball, 56S, EV 61.2 MPH) (infield hit) Emílio Soto scores
|
Batting: LHB George McLean
|
0-0: Foul Ball, location: 2F 0-1: Foul Ball, location: 2F 0-2: Ball 1-2: Fly out, F8 (Line Drive, 8LM, EV 98.8 MPH)
|
Bottom of the 7th over - 2 runs, 3 hits, 0 errors, 1 left on base; Delmarva 5 - Laredo 2 |
TOP OF THE 8TH |
Delmarva Gallos batting - Pitching for Laredo Hawks : RHP Hidetada Inagaki
|
Batting: LHB Seung-yeop Yom
|
0-0: Ball 1-0: Ball 2-0: Called Strike 2-1: Ball 3-1: Base on Balls
|
Batting: RHB Joe Hurley
|
0-0: Foul Ball, location: 2F 0-1: Ball 1-1: Ball 2-1: Ball 3-1: SINGLE (Line Drive, 6D, EV 94.4 MPH) Seung-yeop Yom to second
|
Batting: SHB Eduardo Fernández
|
0-0: Bunt missed! 0-1: Bunted foul 0-2: Ball 1-2: Ball 2-2: Fly out, F5 (Popup, 56S, EV 38.8 MPH)
|
Batting: RHB José Altagracia
|
0-0: Fielders Choice at 2nd, 3-6 (Groundball, 13, EV 80.0 MPH) Seung-yeop Yom to third
|
Batting: RHB Israel Guzmán
|
0-0: Ball 1-0: Ball 2-0: Ground out 4-3 (Groundball, 4, EV 85.6 MPH)
|
Top of the 8th over - 0 runs, 1 hit, 0 errors, 2 left on base; Delmarva 5 - Laredo 2 |
BOTTOM OF THE 8TH |
Laredo Hawks batting - Pitching for Delmarva Gallos : RHP Jong-hoo Pae
|
Batting: LHB Ricardo Hernández
|
0-0: Called Strike 0-1: Foul Ball, location: 2F 0-2: Ball 1-2: Ball 2-2: Ball 3-2: SOLO HOME RUN (Line Drive, 78XD, EV 113.8 MPH), Distance : 425 ft
|
Batting: SHB Ronald Dacanay
|
0-0: Ball 1-0: Swinging Strike 1-1: Foul Ball, location: 2F 1-2: Strikes out swinging
|
Pinch Hitting: SHB Qing-lai Mak
|
0-0: Called Strike 0-1: Ball 1-1: Swinging Strike 1-2: Ball 2-2: Foul Ball, location: 2F 2-2: Foul Ball, location: 2F 2-2: Foul Ball, location: 2F 2-2: Ball 3-2: DOUBLE (Line Drive, 78M, EV 100.6 MPH)
|
Pitching: RHP Murray Key
|
|
Batting: RHB Luc Leroux
|
0-0: Ball 1-0: Fly out, F3 (Popup, 3SF, EV 79.4 MPH)
|
Batting: RHB Casey Vincent
|
0-0: Called Strike 0-1: Called Strike 0-2: Ball 1-2: Ball 2-2: Ball 3-2: Strikes out swinging
|
Bottom of the 8th over - 1 run, 2 hits, 0 errors, 1 left on base; Delmarva 5 - Laredo 3 |
TOP OF THE 9TH |
Delmarva Gallos batting - Pitching for Laredo Hawks : RHP Hidetada Inagaki
|
Pitching: RHP Dan Watson
|
|
Now at 3B: Calvin Chappell
|
|
Batting: RHB Javier Bruno
|
0-0: Ball 1-0: Called Strike 1-1: Swinging Strike 1-2: Foul Ball, location: 2F 1-2: Ball 2-2: Ball 3-2: Foul Ball, location: 2F 3-2: DOUBLE (Line Drive, 78D, EV 104.4 MPH)
|
Batting: RHB Manuel Cuevas
|
0-0: Intentional Walk
|
Batting: RHB Manuel Pérez
|
0-0: Ball 1-0: Fly out, F9 (Flyball, 9LD, EV 103.1 MPH) Runner from 2nd tags up, SAFE at 3rd, no throw by RF
|
Batting: RHB Francis Kersey
|
0-0: Ball 1-0: Foul Ball, location: 2F 1-1: Foul Ball, location: 2F 1-2: Ball 2-2: Fielders Choice at 2nd, 3-6 (Groundball, 34S, EV 86.2 MPH) Javier Bruno scores
|
Batting: LHB Seung-yeop Yom
|
0-0: Ball 1-0: Ball 2-0: Foul Ball, location: 2F 2-1: Called Strike 2-2: SINGLE (Line Drive, 6M, EV 103.1 MPH) Francis Kersey to second
|
Batting: RHB Joe Hurley
|
0-0: Ball 1-0: Ground out U3 (Groundball, 34S, EV 81.9 MPH)
|
Top of the 9th over - 1 run, 2 hits, 0 errors, 2 left on base; Delmarva 6 - Laredo 3 |
BOTTOM OF THE 9TH |
Laredo Hawks batting - Pitching for Delmarva Gallos : RHP Murray Key
|
Batting: RHB Winston Clark
|
0-0: Ball 1-0: Ball 2-0: Called Strike 2-1: Called Strike 2-2: Foul Ball, location: 2F 2-2: Ball 3-2: Base on Balls
|
Batting: RHB Emílio Soto
|
0-0: Ball 1-0: SINGLE (Flyball, 89S, EV 83.8 MPH) Winston Clark to second
|
Batting: RHB Gregory Jones
|
0-0: Ball 1-0: Swinging Strike 1-1: Fly out, F2 (Popup, 2L, EV 98.8 MPH)
|
Batting: LHB George McLean
|
0-0: Foul Ball, location: 2F 0-1: Ball 1-1: Ball 2-1: Called Strike 2-2: Ball 3-2: Base on Balls Winston Clark to third Emílio Soto to second
|
Batting: LHB Ricardo Hernández
|
0-0: Called Strike 0-1: Swinging Strike 0-2: Ball 1-2: Foul Ball, location: 2F 1-2: Fly out, F8 (Flyball, 8RS, EV 88.8 MPH)
|
Batting: SHB Ronald Dacanay
|
0-0: Called Strike 0-1: Foul Ball, location: 2F 0-2: Strikes out swinging
|
Bottom of the 9th over - 0 runs, 1 hit, 0 errors, 3 left on base; Delmarva 6 - Laredo 3 |
|